 Dungeon Crawl Stone Soup version 0.32-a0-612-g1c984fe9d1 (webtiles) character file.

Game seed: 362469288972667699

18079 Sanktem7 the Cleaver (level 12, -18/108 HPs)
             Began as a Minotaur Fighter on Mar 5, 2024.
             Was the Champion of Okawaru.
             Killed from afar by an arcanist (45 damage)
             ... with a bolt of cold
             ... on level 13 of the Dungeon.
             The game lasted 00:31:13 (10885 turns).

Sanktem7 the Cleaver (Minotaur Fighter)            Turns: 10885, Time: 00:31:14

Health: -18/108    AC: 25    Str: 31    XL:     12   Next: 24%
Magic:  20/20      EV:  8    Int:  5    God:    Okawaru [******]
Gold:   1124       SH:  6    Dex: 10    Spells: 11/11 levels left

rFire   + . .        U - +1 broad axe (freeze) {axe}
rCold   . . .        c - +0 buckler
rNeg    . . .        q - +0 plate armour of the Swamp {+Blink rPois MP+9 Str+5}
rPois   +            (helmet restricted)
rElec   .            B - +2 cloak
rCorr   .            D - +2 pair of gloves
SInv    .            (no boots)
Will    .....        b - amulet of regeneration {@e2} Stlth
                     G - ring of protection from fire
HPRegen 1.18/turn    H - +4 ring of protection
MPRegen 0.17/turn

%: no passive effects
@: fragile (+50% incoming damage), studying Short Blades
A: horns 2, retaliatory headbutt
a: Renounce Religion, Evoke Blink, Heroism, Finesse, Duel, Receive Armour


You were on level 13 of the Dungeon.
You worshipped Okawaru.
Okawaru was exalted by your worship.
You visited 1 branch of the dungeon, and saw 13 of its levels.
You also visited: Sewer and Bailey.

You collected 1124 gold pieces.


Innate Abilities, Weirdness & Mutations

You have a pair of horns on your head.
You reflexively headbutt those who attack you in melee.


   Skills:
 + Level 10.8 Fighting
 * Level 14.3 Axes
 + Level 8.2 Throwing
 + Level 10.5 Armour
 + Level 10.5 Shields


You had 11 spell levels left.
You didn't know any spells.
Your spell library contained the following spells:

 Spells                   Type           Power      Damage    Failure   Level
 Apportation              Tloc           0%         N/A       98%         1
 Necrotise                Necr           0%         1d4       98%         1
 Sting                    Conj/Alch      0%         1d3       98%         1
 Cigotuvi's Dreadful Rot  Necr/Alch/Air  0%         N/A       99%         2
 Sublimation of Blood     Necr           0%         N/A       99%         2
 Sigil of Binding         Hex            0%         N/A       100%        3
 Dimensional Bullseye     Hex/Tloc       0%         N/A       100%        4
 Ignite Poison            Fire/Alch      0%         N/A       100%        4
 Petrify                  Alch/Erth      0%         N/A       100%        4
 Freezing Cloud           Conj/Ice/Air   0%         6-21      100%        5
 Irradiate                Conj/Alch      0%         3d11      100%        5
 Summon Small Mammal      Summ           Unusable   N/A       N/A         1
 Call Canine Familiar     Summ           Unusable   N/A       N/A         3

Inventory:

Hand Weapons
 k - a +0 flail of protection {mace}
   (You took it off Edmund on level 4 of the Dungeon)
 L - a +3 war axe of flaming {axe}
   (You took it off a wight on level 8 of the Dungeon)
 U - a +1 broad axe of freezing (weapon) {axe}
   (Okawaru gifted it to you on level 12 of the Dungeon)
Missiles
 a - an atropa-tipped dart {throwing}
 o - 4 darts of dispersal {=f!fthrowing}
 v - 13 poisoned darts {throwing}
 x - 3 javelins {throwing}
 y - 5 boomerangs {throwing}
 P - 4 silver javelins {throwing}
Armour
 c - a +0 buckler (worn)
 q - the +0 plate armour of the Swamp (worn) {+Blink rPois MP+9 Str+5}
   (You found it on level 4 of the Dungeon)

   Str+5:     It affects your strength (+5).
   rPois:     It protects you from poison.
   MP+9:      It affects your magic capacity (+9).
   +Blink:    It lets you blink.
 B - a +2 cloak (worn)
   (You found it on level 7 of the Dungeon)
 D - a +2 pair of gloves (worn)
   (You found it on level 3 of the Dungeon)
 S - the +1 ring mail of Divine Intervention {-Tele rC+ Int+4}
   (You found it on level 12 of the Dungeon)

   Int+4:     It affects your intelligence (+4).
   rC+:       It protects you from cold.
   -Tele:     It prevents most forms of teleportation.
Jewellery
 b - an amulet of regeneration (around neck) {@e2}
   (You found it on level 3 of the Dungeon)
 G - a ring of protection from fire (left hand)
   (You found it on level 6 of the Dungeon)
 H - a +4 ring of protection (right hand)
   (You found it on level 7 of the Dungeon)
Wands
 C - a wand of polymorph (13)
   (You found it on level 8 of the Dungeon)
 O - a wand of mindburst (10)
   (You took it off Maurice on level 11 of the Dungeon)
 R - a wand of quicksilver (6)
   (You took it off Psyche on level 12 of the Dungeon)
 V - a wand of charming (7)
   (You found it on level 13 of the Dungeon)
Scrolls
 f - 2 scrolls of identify {@r1}
 h - 5 scrolls of fear
 i - a scroll of blinking {!r}
 j - 2 scrolls of poison {!r}
 m - a scroll of revelation
 n - a scroll of immolation {!r!r}
 r - 2 scrolls of enchant armour
 u - 2 scrolls of fog
 I - 3 scrolls of silence {!r}
 J - a scroll of torment {!r}
 N - 3 scrolls of teleportation {@r4}
Potions
 d - 5 potions of might
 e - 2 potions of heal wounds {@q2}
 g - 2 potions of curing {@q1}
 l - 2 potions of brilliance
 p - a potion of magic
 t - 4 potions of enlightenment
 w - a potion of berserk rage {!q}
 z - 6 potions of mutation {!q}
 A - 12 potions of degeneration {!q@e2}
 F - 4 potions of invisibility
 K - 6 potions of haste {@q3}
 Q - a potion of resistance

Dungeon Overview and Level Annotations

Branches:
Dungeon (13/15) Zot: 26508  Temple (0/1) D:6            Lair (0/5) D:11
    Orc (0/2) D:9           Sewer (visited)          Bailey (visited)
 Vaults: D:13-14

Altars:
Okawaru
Wu Jian

Shops:
D:3 [

Portals:
Trove: D:12 (give +5 fire dragon scales)

#### ...### #..'.#
#..#.# #..#.# ...#.#
######################
.........#...epp@....#
.........#....######.#
.........#....######.
.........#...........
##########...p.......
..................###
#...#...#......#..#
..........###p....###
####................#


You could see a deep elf archer (repels missiles), an arcanist (fast) and a
human.


Message History

The orc warrior shoots an arrow.
You block the arrow.
Throw: 3 darts (curare) {=fthrowing}
Press: ? - help, Q - select action, (/) - cycle Shift-Dir - straight line, f - orc warrior
Aim: an orc warrior, wielding a +0 orcbow and wearing a +0 ring mail (strong, 58% to hit)
You throw a curare-tipped dart {=fthrowing}.
The curare-tipped dart {=fthrowing} hits the orc warrior.
The orc warrior is poisoned.
The orc warrior struggles to breathe.
The orc warrior seems to slow down.
Throw: 2 darts (curare) {=fthrowing}
Press: ? - help, Q - select action, (/) - cycle Shift-Dir - straight line, f/p - orc warrior
Aim: an orc warrior, wielding a +0 orcbow and wearing a +0 ring mail (moderately wounded, strong, very poisoned, slow, 58% to hit)
You throw a curare-tipped dart {=fthrowing}.
The curare-tipped dart {=fthrowing} barely misses the orc warrior.
Throw: dart (curare) {=fthrowing}
Press: ? - help, Q - select action, (/) - cycle Shift-Dir - straight line, f/p - orc warrior
Aim: an orc warrior, wielding a +0 orcbow and wearing a +0 ring mail (moderately wounded, strong, very poisoned, slow, 58% to hit)
You throw a curare-tipped dart {=fthrowing}.
The curare-tipped dart {=fthrowing} hits the orc warrior.
The orc warrior looks as sick as possible!
The orc warrior struggles to breathe.
The orc warrior seems to be slow for longer.
Unknown command.
The orc warrior shoots an arrow.
The arrow hits you but does no damage.
A human comes into view. It is wielding a +0 arbalest.
The orc warrior shoots an arrow.
The arrow hits you but does no damage.
You kill the orc warrior!
Okawaru accepts your kill.
The human shouts!
The human shoots a bolt.
The bolt hits you but does no damage.
A deep elf archer comes into view. It is wielding a +0 dagger.
An orc warrior comes into view. It is wielding a +0 orcbow.
The orc warrior shouts!
The vault guard shouts!
The human shoots a bolt.
The bolt misses you.
A human comes into view. It is wielding a +0 arbalest.
The human shouts!
The human shoots a bolt.
The bolt hits you.
The deep elf archer unwields a +0 dagger.
The deep elf archer wields a +0 shortbow.
The deep elf archer shoots an arrow.
The arrow hits you!
The orc warrior shoots an arrow.
The arrow hits you. 😕 HP[-18]
You take 18 damage, and now have 90/108 hp.
An arcanist comes into view. It is wielding a +0 dagger.
The human shoots a bolt.
The bolt hits you!
The deep elf archer shoots an arrow.
The arrow hits you.
The arcanist casts a spell.
The arcanist seems to speed up. 😮 HP[-11]
You take 11 damage, and now have 79/108 hp.
The human shoots a bolt.
The bolt hits you but does no damage.
The deep elf archer shoots an arrow.
The arrow hits you!
The human shoots a bolt.
The bolt hits you but does no damage.
You hear a shout! 😮 HP[-9]
You take 9 damage, and now have 70/108 hp.
The human shoots a bolt.
The bolt completely misses you.
The deep elf archer shoots an arrow.
The arrow hits you!!
* * * LOW HITPOINT WARNING * * *
😨 HP[-20]
You take 20 damage, and now have 50/108 hp.
The human shoots a bolt.
The bolt hits you but does no damage.
The deep elf archer shoots an arrow.
The arrow hits you!
* * * LOW HITPOINT WARNING * * *
😨 HP[-16]
You take 16 damage, and now have 34/108 hp. 😨 HP[+2]
You regained 2 hp, and now have 36/108 hp. 😨 HP[+1] 😨 HP[+1] 😨 HP[+1] 😨 HP[+1] 😨 HP[+2]
You regained 2 hp, and now have 42/108 hp. 😨 HP[+1] 😨 HP[+1]
The arcanist barely misses you. 😨 HP[+1]
You barely miss the arcanist.
The arcanist hits you but does no damage. 😨 HP[+1]
You miss the arcanist. Your headbutt misses the arcanist.
The arcanist points at you and mumbles some strange words.
Your body becomes as fragile as glass!
The arcanist hits you but does no damage. 😨 HP[+1]
You slice the arcanist!! You freeze the arcanist.
The arcanist hits you with a +0 dagger.
* * * LOW HITPOINT WARNING * * *
You slash the arcanist! You freeze the arcanist.
The arcanist points at you and mumbles some strange words.
The bolt of cold hits you!!
* * * LOW HITPOINT WARNING * * *
😱 HP[-39]
You take 39 damage, and now have 8/108 hp.
MASSIVE DAMAGE!! (PAUSE)
You feel much better. The arcanist hits you with a +0 dagger.
* * * LOW HITPOINT WARNING * * *
The arcanist casts a spell at you. The bolt of cold hits you!!
You die...

Skill      XL: |  1  2  3  4  5  6  7  8  9 10 11 12 |
---------------+-------------------------------------+-----
Axes           | 3 4 5 7 8 10 12 13 14 | 14.3
Fighting       | 4 5 6 8 9 10 | 10.8
Armour         | 4 5 6 7 9 10 | 10.5
Shields        | 4 5 6 7 9 10 | 10.5
Throwing       | 1 2 3 4 5 6 7 8 |  8.2

Action                     |  1- 3 |  4- 6 |  7- 9 | 10-12 || total
---------------------------+-------+-------+-------+-------++-------
  Melee: War axe           |    63 |   130 |   285 |   359 ||   837
         Headbutt          |     6 |    14 |    36 |    90 ||   146
         Broad axe         |       |       |       |    46 ||    46
  Throw: Javelin           |       |       |       |     3 ||     3
         Dart              |       |       |       |    13 ||    13
 Invoke: Receive Weapon    |       |       |       |     1 ||     1
Ability: Evoke Blink       |       |       |       |     1 ||     1
    Use: Scroll            |       |    12 |     4 |    12 ||    28
         Potion            |       |       |     2 |     3 ||     5
 Armour: Scale mail        |    31 |   104 |       |       ||   135
         Leather armour    |       |    30 |    60 |       ||    90
         Plate armour      |       |       |   236 |   474 ||   710
  Dodge: Dodged            |    29 |    69 |   122 |   123 ||   343
  Block: Buckler           |    19 |    32 |    87 |   113 ||   251

Levels and vault maps discovered:
D:1:      eino_arrival_water_star, layout_basic
D:2:      layout_rooms, minmay_between, uniq_robin, uniq_jessica
D:3:      layout_rooms, nicolae_overflow_crystal_walls, serial_shops,
          shop_fountains, serial_bayou_ford_a, eino_curves_03, feat_on_display,
          uniq_crazy_yiuf_cottage, uniq_grinder
D:4:      layout_loops_ring, amcnicky_altar_gilded, gup_sewer_entry_bubbles,
          uniq_eustachio, uniq_ijyb, uniq_edmund
D:5:      layout_rooms
D:6:      layout_rooms, minmay_temple_entry_wispy, uniq_duvessa
D:7:      layout_cave_pools, chequers_serial_rivers_large_b
D:8:      layout_cave_pods
D:9:      layout_loops_ring, erik_orc_1
D:10:     layout_grid_maze, enter_bailey_5, hangedman_incinerator
D:11:     lemuel_insect_pit, layout_long_grid, uniq_maurice, uniq_fannar
D:12:     layout_long_grid, nicolae_trove_entry_diagonal, uniq_psyche
D:13:     layout_stronghold, grunt_vaults_entry_fortified, serial_shops, shop

Notes
Turn   | Place    | Note
-------+----------+-------------------------------------------
     0 | D:1      | Sanktem7 the Minotaur Fighter began the quest for the Orb.
     0 | D:1      | Reached XP level 1. HP: 19/19 MP: 0/0
     0 | D:1      | magus.rc [v1.9.6]
   293 | D:1      | Reached XP level 2. HP: 27/27 MP: 1/1
   425 | D:1      | Reached skill level 3 in Axes
   807 | D:2      | Noticed Jessica
   810 | D:2      | Killed Jessica
   811 | D:2      | Reached skill level 4 in Fighting
   811 | D:2      | Reached skill level 4 in Armour
   811 | D:2      | Reached skill level 4 in Shields
   811 | D:2      | Reached XP level 3. HP: 33/33 MP: 2/2
   901 | D:2      | Reached XP level 4. HP: 40/40 MP: 3/3
   930 | D:2      | Noticed Robin
   942 | D:2      | Killed Robin
   943 | D:2      | Reached skill level 4 in Axes
  1288 | D:2      | You pick up a book of Cantrips and begin reading...
  1288 | D:2      | You add the spells Sting, Necrotise, Summon Small Mammal
                  | and Apportation to your library.
  1430 | D:2      | Reached XP level 5. HP: 47/47 MP: 4/4
  1720 | D:3      | Identified the +6 leather armour of the Armoured One
                  | {^Contam rC+ Str+3}
  1727 | D:3      | Found an ornate altar of the Wu Jian Council.
  1735 | D:3      | Reached skill level 1 in Throwing
  1958 | D:3      | Noticed Grinder
  1958 | D:3      | Paralysed by Grinder for 5 turns
  1963 | D:3      | Found Goynef's Antique Armour Boutique.
  1981 | D:3      | Killed Grinder
  1982 | D:3      | Reached skill level 5 in Fighting
  1982 | D:3      | Reached skill level 5 in Axes
  1982 | D:3      | Reached skill level 5 in Armour
  1982 | D:3      | Reached skill level 5 in Shields
  1982 | D:3      | Reached XP level 6. HP: 31/56 MP: 5/5
  2337 | D:3      | Found a runed translucent door.
  2338 | D:3      | Noticed Crazy Yiuf
  2343 | D:3      | Killed Crazy Yiuf
  2413 | D:4      | Noticed Eustachio
  2414 | D:4      | Found an iron altar of Okawaru.
  2431 | D:4      | Killed Eustachio
  2432 | D:4      | Reached skill level 2 in Throwing
  2432 | D:4      | Reached XP level 7. HP: 43/61 MP: 6/6
  2451 | D:4      | Became a worshipper of Warmaster Okawaru
  2478 | D:4      | Noticed Ijyb
  2487 | D:4      | Killed Ijyb
  2488 | D:4      | Reached skill level 6 in Axes
  2587 | D:4      | Found a glowing drain.
  2595 | Sewer    | Entered a sewer
  2761 | Sewer    | HP: 11/61 [brain worm/psychic fangs (5)]
  2972 | Sewer    | Reached skill level 7 in Axes
  2972 | Sewer    | Reached skill level 3 in Throwing
  2972 | Sewer    | Reached XP level 8. HP: 70/70 MP: 7/7
  3389 | D:4      | Noticed Edmund
  3403 | D:4      | Killed Edmund
  3403 | D:4      | Reached * piety under Okawaru
  3404 | D:4      | Reached skill level 6 in Fighting
  3404 | D:4      | Reached skill level 6 in Armour
  3404 | D:4      | Reached skill level 6 in Shields
  3668 | D:4      | Identified the +0 plate armour of the Swamp {+Blink rPois
                  | MP+9 Str+5}
  3913 | D:5      | Entered Level 5 of the Dungeon
  3936 | D:5      | You pick up a book of the Hunter and begin reading...
  3936 | D:5      | You add the spells Sigil of Binding and Dimensional
                  | Bullseye to your library.
  4302 | D:6      | Noticed Duvessa
  4304 | D:6      | Noticed Dowan
  4318 | D:6      | Killed Duvessa
  4319 | D:6      | Reached skill level 8 in Axes
  4327 | D:6      | Killed Dowan
  4362 | D:6      | Found a staircase to the Ecumenical Temple.
  4380 | D:6      | Reached ** piety under Okawaru
  4381 | D:6      | Reached skill level 4 in Throwing
  4385 | D:6      | Reached XP level 9. HP: 76/78 MP: 8/8
  4496 | D:6      | Reached skill level 7 in Fighting
  4507 | D:6      | Identified the +0 barding of Ru, Gnashing {rPois Str+3
                  | Int+3}
  4515 | D:6      | Identified the +0 ring mail of Fel Oqew {Harm rN+++ SInv
                  | Stlth-}
  4728 | D:7      | Reached skill level 7 in Shields
  4737 | D:7      | Reached skill level 9 in Axes
  4737 | D:7      | Reached skill level 7 in Armour
  4893 | D:7      | Reached *** piety under Okawaru
  4986 | D:7      | Reached skill level 5 in Throwing
  5315 | D:8      | Reached skill level 10 in Axes
  5321 | D:8      | Reached skill level 8 in Fighting
  5404 | D:8      | Reached **** piety under Okawaru
  5409 | D:8      | Reached XP level 10. HP: 42/88 MP: 9/9
  5513 | D:8      | You add the spells Cigotuvi's Dreadful Rot, Ignite Poison
                  | and Freezing Cloud to your library.
  5692 | D:8      | Reached skill level 8 in Shields
  5698 | D:8      | Reached skill level 8 in Armour
  6146 | D:9      | Noticed a two-headed ogre
  6158 | D:9      | Killed a two-headed ogre
  6167 | D:9      | Reached skill level 11 in Axes
  6311 | D:9      | Reached ***** piety under Okawaru
  6317 | D:9      | Reached skill level 6 in Throwing
  6540 | D:9      | Reached skill level 9 in Fighting
  6543 | D:9      | Found a staircase to the Orcish Mines.
  6898 | D:10     | Entered Level 10 of the Dungeon
  7007 | D:10     | Found a flagged portal.
  7032 | Bailey   | Entered a bailey
  7235 | Bailey   | Noticed an orc knight
  7260 | Bailey   | Killed an orc knight
  7260 | Bailey   | Received a gift from Okawaru
  7261 | Bailey   | Reached skill level 12 in Axes
  7534 | D:10     | Reached skill level 9 in Shields
  7549 | D:10     | Reached skill level 9 in Armour
  7553 | D:10     | Reached XP level 11. HP: 84/97 MP: 10/10
  8521 | D:11     | Received a gift from Okawaru
  8522 | D:11     | Reached skill level 7 in Throwing
  8619 | D:11     | Noticed a deep elf pyromancer
  8631 | D:11     | Killed a deep elf pyromancer
  8667 | D:11     | Noticed Fannar
  8677 | D:11     | Killed Fannar
  8678 | D:11     | Reached skill level 13 in Axes
  8739 | D:11     | Identified the +2 robe of Ydghapeu {rC+ Regen+}
  8774 | D:11     | Reached skill level 10 in Fighting
  8794 | D:11     | Noticed Maurice
  8809 | D:11     | Something stole 2 javelins {throwing}
  8822 | D:11     | Something stole a ring of ice
  8825 | D:11     | Something stole a +0 flail of protection {mace}
  8869 | D:11     | Killed Maurice
  8869 | D:11     | Received a gift from Okawaru
  8896 | D:11     | Found a runed translucent door.
  8905 | D:11     | Found a runed translucent door.
  9102 | D:11     | Found a staircase to the Lair.
  9405 | D:11     | You pick up a book of Transmutation and begin reading...
  9405 | D:11     | You add the spells Sublimation of Blood, Petrify and
                  | Irradiate to your library.
  9598 | D:12     | Reached skill level 10 in Armour
  9598 | D:12     | Reached skill level 10 in Shields
  9711 | D:12     | Noticed Psyche
  9714 | D:12     | Killed Psyche
  9783 | D:12     | Identified the +1 ring mail of Divine Intervention {-Tele
                  | rC+ Int+4}
  9826 | D:12     | Noticed a white ugly thing
  9838 | D:12     | Killed a white ugly thing
  9977 | D:12     | Found a portal to a secret trove of treasure.
 10000 | D:12     | Noticed a fire crab
 10012 | D:12     | Killed a fire crab
 10156 | D:12     | Noticed a boulder beetle
 10176 | D:12     | Killed a boulder beetle
 10176 | D:12     | Reached ****** piety under Okawaru
 10176 | D:12     | Received a gift from Okawaru
 10360 | D:12     | Acquired a +1 broad axe of freezing
 10360 | D:12     | Received a gift from Okawaru
 10407 | D:12     | HP: 20/101 [very large slime creature (14)]
 10445 | D:12     | Reached XP level 12. HP: 49/107 MP: 11/11
 10460 | D:12     | Reached skill level 14 in Axes
 10616 | D:13     | Noticed a centaur warrior
 10626 | D:13     | Killed a centaur warrior
 10627 | D:13     | Reached skill level 8 in Throwing
 10639 | D:13     | Noticed a centaur warrior
 10738 | D:13     | Killed a centaur warrior
 10866 | D:13     | Noticed a vault guard
 10884 | D:13     | HP: 8/108 [arcanist/bolt of cold (40)]
 10885 | D:13     | Killed from afar by an arcanist

Vanquished Creatures
  Fannar (D:11)
  2 centaur warriors (D:13)
  A two-headed ogre (D:9)
  A boulder beetle (D:12)
  A fire crab (shapeshifter) (D:12)
  A deep elf pyromancer (D:11)
  2 orc knights
  An ugly thing (D:12)
  A cyclops (D:12)
  A manticore (D:11)
  Maurice (D:11)
  An unseen horror (D:10)
  Psyche (D:12)
  Grinder (D:3)
  4 slime creatures (D:12)
  A shadow (D:9)
  3 wraiths
  18 yaks
  4 fire bats (D:10)
  A wyvern (D:9)
  A human (D:13)
  Eustachio (D:4)
  A fire elemental (D:10)
  7 vampire mosquitoes
  A steam dragon (D:7)
  Edmund (D:4)
  A hell hound (D:10)
  An acid dragon (D:11)
  Duvessa (D:6)
  2 water moccasins (D:7)
  A swamp drake (D:9)
  5 orc warriors
  3 black bears
  2 ice beasts
  A crocodile (Sewer)
  4 ogres
  3 centaurs
  A brain worm (Sewer)
  5 kobold brigands
  4 scorpions (D:11)
  A bullfrog (D:7)
  Dowan (D:6)
  3 wights (D:8)
  9 killer bees
  8 howler monkeys
  2 lava snakes (D:10)
  2 bombardier beetles
  A hound (D:6)
  5 orc priests
  Crazy Yiuf (D:3)
  Jessica (D:2)
  7 iguanas
  Ijyb (D:4)
  8 orc wizards
  Robin (D:2)
  11 adders
  8 gnolls (Bailey)
  3 river rats
  A white imp (D:7)
  3 dart slugs
  51 orcs
  5 ball pythons
  6 bats
  7 endoplasms
  9 giant cockroaches
  21 goblins
  8 hobgoblins
  6 jackals
  20 kobolds
  4 quokkas
  7 frilled lizards
  10 rats
324 creatures vanquished.

Table legend:
 A = Non-vault XP
 B = Vault XP
 C = Vault XP percentage of total XP
 D = Non-vault monster count
 E = Vault monster count
 F = Vault count percentage of total count
                 A         B        C        D         E       F
            +---------+---------+-------+---------+---------+-------
      Total |   18168 |    7660 |  29.7 |     194 |     130 |  40.1
            +---------+---------+-------+---------+---------+-------
        D:1 |      30 |       0 |   0.0 |      17 |       0 |   0.0
        D:2 |      90 |      82 |  47.7 |      24 |      18 |  42.9
        D:3 |     110 |     316 |  74.2 |      20 |       2 |   9.1
        D:4 |      83 |     424 |  83.6 |       5 |      10 |  66.7
        D:5 |     188 |       0 |   0.0 |       6 |       0 |   0.0
        D:6 |     928 |     220 |  19.2 |      12 |       2 |  14.3
        D:7 |    1510 |       0 |   0.0 |      24 |       0 |   0.0
        D:8 |    1498 |       0 |   0.0 |      20 |       0 |   0.0
        D:9 |    2694 |     577 |  17.6 |      13 |      17 |  56.7
       D:10 |    1593 |    1271 |  44.4 |      15 |      12 |  44.4
       D:11 |    3530 |    2176 |  38.1 |      20 |      15 |  42.9
       D:12 |    3675 |     340 |   8.5 |      13 |       1 |   7.1
       D:13 |    2239 |     922 |  29.2 |       5 |       3 |  37.5
      Sewer |       0 |     583 | 100.0 |       0 |      26 | 100.0
     Bailey |       0 |     749 | 100.0 |       0 |      24 | 100.0
            +---------+---------+-------+---------+---------+-------

Skill      XL: |  1  2  3  4  5  6  7  8  9 10 11 12 |
---------------+-------------------------------------+-----
Axes           | 3 4 5 7 8 10 12 13 14 | 14.3
Fighting       | 4 5 6 8 9 10 | 10.8
Armour         | 4 5 6 7 9 10 | 10.5
Shields        | 4 5 6 7 9 10 | 10.5
Throwing       | 1 2 3 4 5 6 7 8 |  8.2

Action                     |  1- 3 |  4- 6 |  7- 9 | 10-12 || total
---------------------------+-------+-------+-------+-------++-------
  Melee: War axe           |    63 |   130 |   285 |   359 ||   837
         Headbutt          |     6 |    14 |    36 |    90 ||   146
         Broad axe         |       |       |       |    46 ||    46
  Throw: Javelin           |       |       |       |     3 ||     3
         Dart              |       |       |       |    13 ||    13
 Invoke: Receive Weapon    |       |       |       |     1 ||     1
Ability: Evoke Blink       |       |       |       |     1 ||     1
    Use: Scroll            |       |    12 |     4 |    12 ||    28
         Potion            |       |       |     2 |     3 ||     5
 Armour: Scale mail        |    31 |   104 |       |       ||   135
         Leather armour    |       |    30 |    60 |       ||    90
         Plate armour      |       |       |   236 |   474 ||   710
  Dodge: Dodged            |    29 |    69 |   122 |   123 ||   343
  Block: Buckler           |    19 |    32 |    87 |   113 ||   251

Illustrated notes

Table legend:
 A = Kills in this place as a percentage of kills in the entire game.
 B = Kills by you in this place as a percentage of kills by you in the entire game.
 C = Kills by friends in this place as a percentage of kills by friends in the entire game.
 D = Other kills in this place as a percentage of other kills in the entire game.
 E = Experience gained in this place as a percentage of experience gained in the entire game.
 F = Experience gained in this place divided by the number of levels of this place that you have seen.
                   A       B       C       D       E      F
               +-------+-------+-------+-------+-------+----------------------
         Total | 100.0 | 100.0 |   N/A |   N/A | 100.0 | 1721.9
       Dungeon |  84.6 |  84.6 |   N/A |   N/A |  94.8 | 1884.3
         Sewer |   8.0 |   8.0 |   N/A |   N/A |   2.3 | 583.0
        Bailey |   7.4 |   7.4 |   N/A |   N/A |   2.9 | 749.0
               +-------+-------+-------+-------+-------+----------------------

Table legend: (Time is in decaauts)
 A = Elapsed time spent in this place.
 B = Non-inter-level travel time spent in this place.
 C = Inter-level travel time spent in this place.
 D = Time resting spent in this place.
 E = Time spent auto-exploring this place.
 F = Levels seen in this place.
 G = Mean time per level.
                   A        B        C        D        E       F      G
               +--------+--------+--------+--------+--------+-----+--------+
         Total |  11193 |  10796 |    397 |    162 |   7946 |  15 |  746.2 |
       Dungeon |   9944 |   9547 |    397 |    140 |   7243 |  13 |  764.9 |
         Sewer |    858 |    858 |      0 |      0 |    557 |   1 |  858.0 |
        Bailey |    390 |    390 |      0 |     22 |    145 |   1 |  390.0 |
               +--------+--------+--------+--------+--------+-----+--------+

Top non-repeatable levels by time:
    D:10: 1215 daAuts
    D:11: 1022 daAuts
    D:12: 973 daAuts
     D:3: 965 daAuts
     D:9: 908 daAuts
     D:4: 887 daAuts
   Sewer: 858 daAuts
     D:1: 815 daAuts
     D:2: 691 daAuts
     D:8: 675 daAuts
     D:7: 636 daAuts
     D:6: 429 daAuts
  Bailey: 390 daAuts
     D:5: 373 daAuts
    D:13: 350 daAuts
